 Dungeon Crawl Stone Soup version 0.14-a0-445-g388476e (webtiles) character file.

39666 4tharraofdagon the Severer (level 13, 0/154 HPs)
             Began as a Djinni Berserker on Oct 30, 2013.
             Was a Priest of Trog.
             Slain by a troll (7 damage)
             ... led by an orc knight
             ... on Level 21 of the Dungeon.
             The game lasted 01:00:45 (8170 turns).

4tharraofdagon the Severer (Djinni Berserker)       Turns: 8170, Time: 01:00:45

HP   0/154       AC 21     Str 27      XL: 13   Next: 65%
MP   0/0         EV 13     Int 12      God: Trog [***...]
Gold 892         SH  0     Dex 12      Spells:  0 memorised, 12 levels left

Res.Fire  : + + +   See Invis. : .   x - +1,+2 battleaxe
Res.Cold  : x . .   Warding    : .   r - +6 ring mail of Royalty {Int+3}
Life Prot.: + + +   Conserve   : .   (no shield)
Res.Poison: .       Res.Corr.  : .   (no helmet)
Res.Elec. : .       Clarity    : .   b - +0 cloak
Sust.Abil.: . .     Spirit.Shd : .   F - +0 pair of gloves
Res.Mut.  : .       Stasis     : .   (boots unavailable)
Res.Rott. : .       Flight     : .   (no amulet)
Saprovore : . . .                    U - +3 ring of evasion
                                     D - ring of flight

@: berserking, slightly contaminated, glowing, very quick, somewhat resistant to
hostile enchantments, extremely unstealthy
A: fire immunity, cold vulnerability, life protection 3, AC +4
a: Burn Spellbooks, Berserk, Trog's Hand, Renounce Religion, Evoke Flight


You were on level 21 of the Dungeon.
You worshipped Trog.
Trog was most pleased with you.
You were not hungry.

You visited 1 branch of the dungeon, and saw 22 of its levels.

You collected 872 gold pieces.

Inventory:

Hand weapons
 a - a +0,+0 hand axe
 i - a -1,+1 orcish battleaxe
 q - a -1,+2 orcish hand axe
 w - the +9,+10 spear "Both" {holy, Dex+2, unknown}
   (You took it off an orc wizard on level 6 of the Dungeon)

   It has been blessed by the Shining One to cause great damage to the undead
   and demons.
   It affects your dexterity (+2).
 x - a +1,+2 battleaxe (weapon)
Missiles
 o - 3 javelins (quivered)
 u - 14 darts of frost
 Q - 2 needles of paralysis
 S - 4 needles of sleeping
 W - 2 needles of frenzy
 Z - 21 exploding darts
Armour
 b - a +0 cloak (worn)
 r - the +6 ring mail of Royalty (worn) {Int+3}
   (You found it on level 5 of the Dungeon)

   It affects your intelligence (+3).
 F - a +0 pair of gloves (worn)
Magical devices
 g - a wand of frost (3)
 y - a wand of lightning (0)
 B - a wand of fire (0)
 E - a wand of polymorph (6)
 G - a wand of magic darts (14)
 I - a wand of draining (0)
 M - a wand of frost (10)
 V - a wand of draining (8)
Scrolls
 d - a scroll of magic mapping
 e - 2 scrolls of noise
 f - a scroll of teleportation
 h - 2 scrolls of amnesia
 j - 4 scrolls of fear {unknown}
 n - 5 scrolls of remove curse
 v - 2 scrolls of vulnerability
 A - a scroll of immolation
 C - 2 scrolls of curse jewellery
 J - a scroll of fog
 N - a scroll of enchant weapon II
 X - 2 scrolls of recharging
Jewellery
 k - an uncursed amulet of the gourmand
 D - a ring of flight (left hand)
 U - a +3 ring of evasion (right hand)
Potions
 c - a potion of might
 m - 2 potions of speed
 p - a potion of heal wounds
 t - 2 potions of flight
 z - 5 potions of curing
 K - a potion of magic
 P - 2 potions of restore abilities
 R - a potion of degeneration
Books
 L - a book of Dreams

   Spells                             Type                      Level
   Ensorcelled Hibernation            Hexes/Ice                    2
   Flight                             Charms/Air                   3
   Phase Shift                        Translocation                5
   Shadow Creatures                   Summoning                    5
   Mass Confusion                     Hexes                        6
   Darkness                           Hexes                        7
   Trog disapproves of the use of such an item.
 O - a book of Air

   Spells                             Type                      Level
   Shock                              Conjuration/Air              1
   Swiftness                          Charms/Air                   2
   Repel Missiles                     Charms/Air                   2
   Flight                             Charms/Air                   3
   Static Discharge                   Conjuration/Air              3
   Lightning Bolt                     Conjuration/Air              5
   Trog disapproves of the use of such an item.
 Y - a Necronomicon {highlevel}

   This book is beyond your current level of understanding.

   Spells                             Type                      Level
   Borgnjor's Revivification          Necromancy                   7
   Haunt                              Necromancy/Summoning         7
   Death's Door                       Charms/Necromancy            8
   Necromutation                      Transmutation/Necromancy     8
   Trog disapproves of the use of such an item.
Magical staves
 T - an uncursed staff of fire
Miscellaneous
 l - a stone of tremors


   Skills:
 + Level 8.6 Fighting
 * Level 15.5 Axes
 + Level 13.0 Armour
 - Level 1.7 Dodging
 + Level 7.9 Evocations


You had 12 spell levels left.
You didn't know any spells.

Dungeon Overview and Level Annotations

Branches:
Dungeon (22/27)               Orc (0/4) D:11           Lair (0/8) D:10
 Temple: D:4-7       Vaults: D:15-20

Altars:
Elyvilon
Nemelex Xobeh
Yredelemnul

Shops:
D:8 /

Annotations:
D:7 Joseph
D:8 HASTE
D:16 Aizul
D:18 exclusion: basilisk


Innate Abilities, Weirdness & Mutations

You are immune to all types of fire, even holy and hellish.
You are vulnerable to cold.
You need no food.
You have no legs.
You are immune to negative energy.
You are partially covered in iridescent scales (AC +4).


Message History

The troll is almost dead.
You slash the dragon!
The dragon is moderately wounded.
Your skin stops crawling.
You feel less resistant to hostile enchantments.
The orc knight hits you but does no damage.
Unknown command.
Unknown command.
You slash the dragon!
The dragon is moderately wounded.
You closely miss the troll.
The troll is almost dead.
You slash the orc knight!
The orc knight is almost dead.
The dragon misses you.
The dragon claws you but does no damage.
The dragon misses you. The troll bites you!
* * * LOW HITPOINT WARNING * * *
The troll claws you!
You die...

.# #....'....#...###########.. .#
#....#....#...# #.. .#
#....#....#...# #.. .#
#....#....#...# #.. .#
#.((.#....#...# #..
.######....######...###########..
........(..(.....................
.......(..(....########..........
...............#@D....#.....#####
#######.#+#(##.+oT....#.....#
#.#..<.#.#....).#.....#
#.#....#.#......#.....#
#.#[..[#.########.....#
#.#[[).#..............#
#.#.[..#....#########.#
#.######....# .#
#######...........#. .#


You could see a dragon, an orc knight and a troll.

Vanquished Creatures
  A stone giant (D:18)
  2 dragons
  A yaktaur captain (D:20)
  Erica (D:11)
  An ice dragon (D:21)
  3 ogre magi
  A skeletal warrior (D:15)
  A deep elf knight (D:20)
  2 unseen horrors
  2 giant amoebae
  A sphinx zombie (D:20)
  3 griffons
  A wolf spider zombie (D:20)
  A hill giant (D:18)
  An orc knight (D:21)
  2 cyclopes
  A wolf spider (D:21)
  A frost giant skeleton (D:21)
  A moth of wrath (shapeshifter) (D:19)
  An iron troll zombie (D:21)
  13 yaktaurs
  A komodo dragon (shapeshifter) (D:21)
  A troll (D:18)
  A blink frog (D:13)
  An octopode (shapeshifter) (D:20)
  14 slime creatures
  10 two-headed ogres
  2 wyverns
  8 ugly things (D:21)
  A trapdoor spider (D:15)
  2 wraiths
  A brown ooze (D:21)
  A shadow (D:14)
  2 griffon skeletons (D:16)
  15 yaks
  2 deep elf magi (D:20)
  A shark (D:10)
  Eustachio (D:9)
  2 hungry ghosts
  7 vampire mosquitoes
  A hill giant skeleton (D:8)
  Grum (D:9)
  2 hill giant zombies (D:15)
  A clay golem (D:20)
  3 deep elf fighters
  3 hippogriffs
  2 wolves (D:9)
  A rock worm (D:17)
  A manticore (D:9)
  A necrophage (D:12)
  A mottled dragon (D:21)
  A giant goldfish (D:6)
  10 orc warriors
  An ice beast (D:12)
  4 sky beasts
  23 ogres
  3 centaurs
  Duvessa (D:5)
  3 giant slugs
  2 big kobolds
  A warg (D:22)
  7 giant frogs
  A water moccasin (D:7)
  A cyclops zombie (D:13)
  10 killer bees
  A yak zombie (D:15)
  A jellyfish (D:6)
  An electric eel (D:10)
  A troll zombie (D:12)
  A troll skeleton (D:8)
  8 wights
  A fire bat (D:10)
  2 goliath beetles
  6 crimson imps
  2 jellies
  A big fish (D:10)
  5 orc priests
  4 hounds
  6 orc wizards
  An iguana (D:8)
  A two-headed ogre zombie (D:10)
  A centaur skeleton (D:4)
  2 scorpions
  8 worker ants
  An ogre zombie (D:5)
  A hound zombie (D:5)
  3 ogre skeletons
  A hound skeleton (D:5)
  5 adders
  A giant mite (D:4)
  An inept item mimic (D:5)
  3 worms
  An adder zombie (D:5)
  3 giant eyeballs
  3 giant geckos
  34 orcs
  3 giant cockroaches
  4 goblins
  9 hobgoblins
  4 jackals (D:5)
  3 quokkas
  A ball python (D:8)
  20 bats
  5 giant newts
  A giant spore (D:9)
  A gnoll skeleton (D:6)
  13 kobolds
  9 rats
  2 ballistomycetes (D:9)
384 creatures vanquished.

Vanquished Creatures (others)
  A stone giant (D:21)
  A stone giant zombie (D:21)
  A slime creature (D:21)
  An ugly thing (D:21)
  3 vampire mosquitoes (D:21)
  An orc (D:22)
  A hobgoblin (D:11)
9 creatures vanquished.

Grand Total: 393 creatures vanquished

Notes
Turn   | Place    | Note
--------------------------------------------------------------
     0 | D:1      | 4tharraofdagon, the Djinni Berserker, began the quest for the Orb.
     0 | D:1      | Reached XP level 1. HP: 16/16 MP: 0/0
   278 | D:2      | Reached XP level 2. EP: 20/22
   371 | D:3      | Reached skill level 3 in Fighting
   371 | D:3      | Reached XP level 3. EP: 29/29
   479 | D:3      | Acquired Trog's second power
   649 | D:3      | Reached XP level 4. EP: 35/35
   679 | D:3      | Found a sparkling altar of Nemelex Xobeh.
   802 | D:3      | 4tharraofdagon: who took the stairs
   819 | D:3      | fu
   845 | D:4      | Reached skill level 4 in Axes
   854 | D:4      | Gained mutation: You are partially covered in iridescent scales (AC +4). [potion of beneficial mutation]
   895 | D:4      | Reached XP level 5. EP: 38/41
  1058 | D:4      | Bloax: xom
  1080 | D:5      | Entered Level 5 of the Dungeon
  1091 | D:5      | Noticed a two-headed ogre
  1097 | D:5      | Killed a two-headed ogre
  1097 | D:5      | Reached skill level 5 in Axes
  1097 | D:5      | Reached XP level 6. EP: 43/49
  1128 | D:5      | sudden death
  1141 | D:5      | 4tharraofdagon: 2-headed ogre d:5
  1141 | D:5      | 4tharraofdagon: good times
  1301 | D:5      | Noticed Duvessa
  1317 | D:5      | 4tharraofdagon: poison?
  1323 | D:5      | Killed Duvessa
  1323 | D:5      | Reached XP level 7. EP: 54/54
  1365 | D:5      | Got a jewelled ring mail
  1404 | D:5      | Found a white marble altar of Elyvilon.
  1460 | D:5      | Identified the +6 ring mail of Royalty {Int+3} (You found it on level 5 of the Dungeon)
  1481 | D:5      | Bloax: nah
  1494 | D:5      | Bloax: just sonja with a wand of paralysis
  1505 | D:5      | Acquired Trog's third power
  1605 | D:6      | Reached skill level 6 in Axes
  1605 | D:6      | Reached skill level 5 in Armour
  1653 | D:7      | Noticed Joseph
  1730 | D:6      | Reached skill level 5 in Fighting
  1735 | D:6      | Reached XP level 8. EP: 62/62
  1887 | D:6      | Got a warped spear {holy}
  1917 | D:6      | Found a basalt altar of Yredelemnul.
  1947 | D:6      | Reached skill level 7 in Axes
  2023 | D:6      | Paralysed by a giant eyeball for 4 turns
  2030 | D:6      | Paralysed by a giant eyeball for 3 turns
  2159 | D:7      | Found a sparkling altar of Nemelex Xobeh.
  2227 | D:6      | Paralysed by a giant eyeball for 4 turns
  2281 | D:7      | Reached skill level 1 in Evocations
  2406 | D:8      | Reached skill level 8 in Axes
  2458 | D:8      | Reached XP level 9. EP: 52/72
  2787 | D:8      | Found Nemiarphi's Magical Wand Emporium.
  2825 | D:9      | Noticed Eustachio
  2843 | D:9      | Killed Eustachio
  2884 | D:9      | Paralysed by a giant eyeball for 4 turns
  3013 | D:9      | Reached skill level 9 in Axes
  3078 | D:9      | Noticed Grum
  3092 | D:9      | Killed Grum
  3146 | D:10     | Entered Level 10 of the Dungeon
  3222 | D:10     | Reached XP level 10. EP: 85/85
  3223 | D:10     | Reached skill level 5 in Evocations
  3263 | D:10     | Found a staircase to the Lair.
  3408 | D:10     | Reached skill level 10 in Axes
  3456 | D:10     | Noticed an ogre mage
  3458 | D:10     | timbw: dont mind me im just a ogre mage on d10
  3490 | D:10     | Killed an ogre mage
  3498 | D:10     | timbw: wtf
  3519 | D:10     | timbw: distortion giant club?
  3528 | D:10     | timbw: what just happen
  3683 | D:10     | 4tharraofdagon: mage casted tele
  3683 | D:10     | 4tharraofdagon: just before death
  3783 | D:11     | Reached XP level 11. EP: 75/94
  4063 | D:11     | Noticed Erica
  4091 | D:11     | Killed Erica
  4168 | D:11     | Found a staircase to the Orcish Mines.
  4193 | D:12     | Reached skill level 11 in Axes
  4252 | D:12     | Received a gift from Trog
  4264 | D:12     | Bloax: >go axes
  4264 | D:12     | Bloax: >go dj
  4271 | D:12     | Bloax: >get randart quickblade from trog
  4274 | D:12     | Bloax: t-thanks
  4279 | D:12     | Bloax: what is it even
  4292 | D:12     | 4tharraofdagon: distorion
  4292 | D:12     | Got a slimy quick blade {god gift}
  4293 | D:12     | Identified the -2,+4 quick blade "Zyegrumute" {flame, Str-4 SInv} (Trog gifted it to you on level 12 of the Dungeon)
  4293 | D:12     | Identified the -2,+4 quick blade "Zyegrumute" {flame, Str-4 SInv} (Trog gifted it to you on level 12 of the Dungeon)
  4497 | D:13     | hahha
  4595 | D:12     | Killed an unseen horror
  4803 | D:14     | Entered Level 14 of the Dungeon
  4933 | D:15     | Entered Level 15 of the Dungeon
  4942 | D:15     | Reached skill level 10 in Armour
  5018 | D:15     | Reached skill level 12 in Axes
  5202 | D:15     | Noticed a skeletal warrior
  5233 | D:15     | Killed a skeletal warrior
  5286 | D:15     | Reached XP level 12. EP: 103/103
  5376 | D:16     | Noticed Aizul
  5377 | D:16     | hello
  5742 | D:17     | Noticed a dragon
  5755 | D:17     | Killed a dragon
  5755 | D:17     | Reached skill level 13 in Axes
  5869 | D:18     | Noticed a stone giant
  5954 | D:18     | Killed a stone giant
  5985 | D:18     | timbw: u diving for vaults
  5989 | D:18     | timbw: or just exp
  5997 | D:18     | timbw: gehenna maybe
  6001 | D:18     | timbw: are u that crazy
  6034 | D:18     | timbw: rofl thats it isnt it
  6051 | D:18     | timbw: youre rushing for gehnna
  6105 | D:18     | Vidiiot: Hahah
  6135 | D:18     | 4tharraofdagon: geh
  6135 | D:18     | 4tharraofdagon: ye
  6135 | D:18     | 4tharraofdagon: but i need digging first
  6179 | D:18     | timbw: asimodus wont be a cake walk
  6234 | D:18     | 4tharraofdagon: hellfire?fireball? DING DONG
  6234 | D:18     | 4tharraofdagon: MUTILLATION
  6238 | D:19     | timbw: torment & firestorm
  6283 | D:20     | Entered Level 20 of the Dungeon
  6333 | D:20     | Reached skill level 14 in Axes
  6339 | D:20     | Noticed a yaktaur captain
  6404 | D:20     | Killed a yaktaur captain
  6419 | D:21     | NOPE: I don't think asmodeus has firestorm
  6421 | D:21     | Bloax: That's Cerebov.
  6426 | D:21     | NOPE: yeh
  6427 | D:21     | Noticed a yaktaur captain
  6439 | D:20     | Bloax: Who's tough even in melee.
  6443 | D:20     | timbw: he doesnt firestorm?
  6443 | D:20     | timbw: i thought he did
  6443 | D:20     | NOPE: NOPE
  6463 | D:20     | timbw: when is hell guaranteed?
  6485 | D:20     | timbw: bot or wiki doesnt say
  6498 | D:20     | timbw: just d21+
  6758 | D:20     | Reached XP level 13. EP: 44/110
  7128 | D:21     | 4tharraofdagon: i have no chance in hell
  7143 | D:21     | Bloax: you hear a haunting call
  7168 | D:21     | Bloax: death consumes all
  7173 | D:21     | timbw: reapers will fuck u up
  7193 | D:20     | Reached skill level 15 in Axes
  7322 | D:22     | Noticed a frost giant
  7468 | D:21     | Noticed a stone giant
  7513 | D:21     | Killed a stone giant
  7640 | D:21     | Noticed an ogre mage
  7651 | D:21     | Paralysed by an ogre mage for 6 turns
  7659 | D:21     | Killed an ogre mage
  7692 | D:21     | timbw: i thought diving like this would give more xp
  7735 | D:21     | Vidiiot: Is the mid-game exp nerf in this version?
  7796 | D:21     | Noticed an ice dragon
  7805 | D:21     | hmm
  7824 | D:21     | Killed an ice dragon
  7830 | D:21     | timbw: IDA
  7838 | D:21     | timbw: :(
  7838 | D:21     | fuck
  7838 | D:21     | why
  8001 | D:21     | Noticed a dragon
  8026 | D:21     | Killed a dragon
  8070 | D:21     | Vidiiot: What are you even doing 4th
  8109 | D:21     | Bloax: comitting sudoku
  8110 | D:21     | 4tharraofdagon: searching for digging wand
  8111 | D:21     | 4tharraofdagon: or gda
  8169 | D:21     | Vidiiot: gg
  8170 | D:21     | HP: 7/154 [troll[an orc knight] (15)]
  8170 | D:21     | Slain by a troll

Action                   |  1- 3 |  4- 6 |  7- 9 | 10-12 | 13-15 || total
-------------------------+-------+-------+-------+-------+-------++-------
Melee: Hand axe          |    67 |   135 |   180 |       |       ||   382
       Battleaxe         |       |       |   165 |   597 |   223 ||   985
Throw: Javelin           |       |       |     1 |       |     4 ||     5
Invok: Berserk           |     4 |     4 |    14 |    25 |    11 ||    58
       Trog's Hand       |       |       |     5 |    38 |    21 ||    64
Evoke: Wand              |       |       |     5 |    12 |     1 ||    18
  Use: Potion            |     4 |     2 |       |     2 |     5 ||    13
       Scroll            |       |       |     4 |    10 |     6 ||    20
 Stab: Invisible         |       |     1 |       |       |       ||     1
